 Dungeon Crawl Stone Soup version 0.29.1-12-g30fa7ad0bf (webtiles) character file.

Game seed: 13660205439513092734

3501 porpoise the Cleaver (level 9, -22/75 HPs)
             Began as a Demonspawn Fighter on Dec 18, 2022.
             Was a Believer of Qazlal.
             Annihilated by an orc knight
             ... wielding a +0 halberd
              (34 damage)
             ... in a bailey.
             The game lasted 00:25:28 (7795 turns).

porpoise the Cleaver (Demonspawn Fighter)           Turns: 7795, Time: 00:25:29

Health: -22/75     AC: 16    Str: 19 (20) XL:     9   Next: 80%
Magic:  11/11      EV: 10    Int: 13 (14) God:    Qazlal [**....]
Gold:   466        SH: 15    Dex: 18 (20) Spells: 8/8 levels left

rFire   . . .      SeeInvis .   a - +0 war axe
rCold   . . .      Faith    +   c - +0 buckler
rNeg    . . .      Spirit   .   x - +5 ring mail "Isuig" {Int+4 Dex+7}
rPois   +          Reflect  .   w - +0 helmet
rElec   .          Harm     .   l - +0 cloak
rCorr   .          Rampage  .   (no gloves)
Will    .....                   (no boots)
Stlth   +.........              u - amulet of faith
HPRegen 0.22/turn               C - ring of poison resistance
MPRegen 0.12/turn               (no ring)

@: no status effects
A: hooves 2, large bone plates 1, icemail 1, condensation shield
a: Renounce Religion, Upheaval


You were in a bailey.
You worshipped Qazlal.
Qazlal was pleased with you.
You visited 2 branches of the dungeon, and saw 9 of its levels.
You also visited: Sewer and Bailey.

You collected 466 gold pieces.

Inventory:

Hand Weapons
 a - a +0 war axe (weapon)
 b - a +0 sling
 A - a +2 vorpal flail
 E - a +2 dire flail of protection
 L - a +1 battleaxe of freezing
Missiles
 g - 18 poisoned darts (quivered)
 D - 4 javelins
Armour
 c - a +0 buckler (worn)
 i - a +0 kite shield
 l - a +0 cloak (worn)
 w - a +0 helmet (worn)
 x - the +5 ring mail "Isuig" (worn) {Int+4 Dex+7}
   (You found it on level 3 of the Dungeon)

   Int:       It affects your intelligence (+4).
   Dex:       It affects your dexterity (+7).
 K - a +3 chain mail of poison resistance
 R - a scarf of repulsion
Jewellery
 s - an amulet of the acrobat
 u - an amulet of faith (around neck)
 y - a ring of flight
 C - a ring of poison resistance (left hand)
Wands
 N - a wand of charming (12)
Scrolls
 h - a scroll of enchant weapon {unknown}
 k - 4 scrolls of magic mapping
 m - a scroll of teleportation
 n - 2 scrolls of amnesia
 z - a scroll of fog {unknown}
 B - a scroll of noise {unknown}
 F - a scroll of vulnerability {unknown}
 H - a scroll of silence
 I - 4 scrolls of fear
 J - a scroll of torment
 M - a scroll of blinking {unknown}
 O - a scroll of enchant armour
 Q - a scroll of poison {unknown}
Potions
 d - a potion of cancellation {unknown}
 e - 3 potions of heal wounds
 f - 4 potions of brilliance
 j - 2 potions of lignification {unknown}
 o - 7 potions of curing
 p - a potion of attraction {unknown}
 q - 2 potions of degeneration
 t - 2 potions of mutation {unknown}
 G - 4 potions of invisibility
 P - a potion of ambrosia {unknown}


   Skills:
 + Level 8.7 Fighting
 + Level 10.4 Axes
 - Level 2.6 Armour
 - Level 2.6 Shields
 + Level 3.3 Invocations


You had 8 spell levels left.
You didn't know any spells.
Your spell library contained the following spells:

 Spells                   Type           Power      Damage    Failure   Level
 Animate Armour           Summ/Erth      0%         N/A       100%        4
 Blade Hands              Tmut           0%         N/A       100%        5
 Iron Shot                Conj/Erth      0%         9d1       100%        6


Dungeon Overview and Level Annotations

Branches:
Dungeon (8/15)             Temple (1/1) D:7           Sewer (visited)
 Bailey (1/1)
   Lair: D:8-11

Altars:
Cheibriados
Fedhas
Gozag
Kikubaaqudgha
Makhleb
Nemelex Xobeh
Qazlal
Sif Muna
Trog
Vehumet
Xom


Innate Abilities, Weirdness & Mutations

You have hoof-like feet.
You are partially covered in large bone plates. (SH +4)
A meltable icy envelope protects you from harm. (AC +4)
A meltable shield of frost defends you. (SH +4)


Message History

You slash the orc knight!
The orc knight is lightly wounded.
The orc knight roars a battlecry!
You closely miss the orc knight. Your kick misses the orc knight.
The orc knight is lightly wounded.
The orc knight completely misses you.
You feel much better. You block the orc knight's attack.
You barely miss the orc knight. Your kick misses the orc knight.
The orc knight is lightly wounded.
You block the orc knight's attack.
You hit the orc knight but do no damage.
Your kick misses the orc knight.
The orc knight is lightly wounded.
You block the orc knight's attack.
It was a potion of degeneration.
There was something very wrong with that liquid.
You feel weakened.
You feel dopey.
You feel clumsy.
The orc knight no longer looks unusually strong.
The orc knight hits you with a +0 halberd.
You barely miss the orc knight. Your kick misses the orc knight.
The orc knight is lightly wounded.
You block the orc knight's attack.
You closely miss the orc knight. Your kick misses the orc knight.
The orc knight is lightly wounded.
The orc knight hits you with a +0 halberd!
You slash the orc knight! Your kick misses the orc knight.
The orc knight is moderately wounded.
The orc knight roars a battlecry!
The orc knight goes into a battle-frenzy!
You block the orc knight's attack.
You hit the orc knight but do no damage.
You kick the orc knight.
The orc knight is moderately wounded.
The orc knight hits you from afar with a +0 halberd.
The orc knight hits you with a +0 halberd!
* * * LOW HITPOINT WARNING * * *
You slash the orc knight!
The orc knight is heavily wounded.
The orc knight hits you from afar with a +0 halberd!!
You die...

########### ##.........##
##..~~~~~~~..##
##..~~.....~~..##
###.))~.)###..~~..##########
....~~).## ##..~~....).....#
~~~~~..##.∩.##.○~~~)~)~~~~.#
......##.....##o@........~.#
##########+###o#########.~.#
..§§...)# ##)~.# §≈≈≈§≈≈§.#
##..~.# # §....o≈§.§##
##..~~.# #
..⌠∩⌠§§§...#'#..~~.∩# #+#
...⌠§..≈≈..#'#.)~~.## #.##
≈.....≈≈..##.##..~~.# .$.#
≈≈≈§§≈≈..#'...##..~.#


You could see 2 orc knights.

Vanquished Creatures
  Pikel (D:5)
  Grinder (D:5)
  Menkaure (D:7)
  Edmund (D:5)
  An acid dragon (D:8)
  A water moccasin (D:7)
  Pargi (Sewer)
  5 orc warriors
  2 sky beasts (D:7)
  2 black bears
  3 ogres
  4 lemures (D:5)
  A kobold brigand (D:7)
  Blork the orc (D:4)
  3 bullfrogs
  A killer bee (D:7)
  2 hounds
  A jelly (D:4)
  Crazy Yiuf (D:5)
  4 orc priests
  Jessica (D:3)
  6 iguanas
  5 orc wizards
  7 gnolls
  5 adders
  A shadow imp (D:7)
  3 white imps
  4 worms
  4 dart slugs
  45 orcs
  8 endoplasms
  3 giant cockroaches
  7 hobgoblins
  8 jackals (D:2)
  10 kobolds
  A quokka (D:1)
  12 ball pythons
  5 bats
  A frilled lizard (Sewer)
  2 goblins
  10 rats
185 creatures vanquished.

Vanquished Creatures (others)
  A fungus (D:5)
1 creature vanquished.

Grand Total: 186 creatures vanquished

Notes
Turn   | Place    | Note
-------+----------+-------------------------------------------
     0 | D:1      | porpoise the Demonspawn Fighter began the quest for the
                  | Orb.
     0 | D:1      | Reached XP level 1. HP: 18/18 MP: 1/1
    45 | D:1      | Reached skill level 2 in Axes
   214 | D:1      | Gained mutation: You have large cloven feet. [demonic
                  | ancestry]
   214 | D:1      | Reached XP level 2. HP: 24/24 MP: 2/2
   282 | D:1      | Found a faded altar of an unknown god.
   715 | D:2      | Found a sparkling altar of Nemelex Xobeh.
   747 | D:2      | Gained mutation: You have hoof-like feet. [demonic
                  | ancestry]
   747 | D:2      | Reached XP level 3. HP: 29/29 MP: 3/3
   821 | D:2      | Reached skill level 3 in Axes
  1386 | D:2      | Gained mutation: A meltable shield of frost defends you.
                  | (SH +4) [demonic ancestry]
  1386 | D:2      | Reached XP level 4. HP: 33/37 MP: 4/4
  2507 | D:3      | Reached skill level 4 in Axes
  2507 | D:3      | Reached XP level 5. HP: 21/42 MP: 5/5
  2808 | D:3      | Identified the +5 ring mail "Isuig" {Int+4 Dex+7}
  2940 | D:3      | Noticed Jessica
  2957 | D:3      | Killed Jessica
  3597 | D:4      | Found a glowing drain.
  3621 | Sewer    | Entered a sewer
  3701 | Sewer    | Noticed Pargi
  3706 | Sewer    | Killed Pargi
  3707 | Sewer    | Reached skill level 5 in Axes
  3707 | Sewer    | Gained mutation: You are partially covered in large bone
                  | plates. (SH +4) [demonic ancestry]
  3707 | Sewer    | Reached XP level 6. HP: 50/50 MP: 6/6
  3881 | D:4      | Reached skill level 5 in Fighting
  3998 | D:4      | Noticed Blork the orc
  4013 | D:4      | Killed Blork the orc
  4014 | D:4      | Reached XP level 7. HP: 44/56 MP: 7/7
  4374 | D:5      | Entered Level 5 of the Dungeon
  4427 | D:5      | Reached skill level 6 in Axes
  4675 | D:5      | Noticed Edmund
  4699 | D:5      | Killed Edmund
  5016 | D:5      | Found a runed translucent door.
  5017 | D:5      | Noticed Crazy Yiuf
  5024 | D:5      | Killed Crazy Yiuf
  5347 | D:5      | Noticed Pikel
  5368 | D:5      | Killed Pikel
  5369 | D:5      | Reached skill level 7 in Axes
  5369 | D:5      | Reached XP level 8. HP: 55/65 MP: 8/8
  5470 | D:5      | Noticed Grinder
  5483 | D:5      | Killed Grinder
  5484 | D:5      | Reached skill level 8 in Axes
  6142 | D:6      | Found a snail-covered altar of Cheibriados.
  6296 | D:7      | Found a staircase to the Ecumenical Temple.
  6307 | D:7      | Reached skill level 9 in Axes
  6307 | D:7      | Gained mutation: A meltable icy envelope protects you from
                  | harm. (AC +4) [demonic ancestry]
  6307 | D:7      | Reached XP level 9. HP: 71/72 MP: 9/9
  6312 | Temple   | Entered the Ecumenical Temple
  6336 | Temple   | Became a worshipper of Qazlal Stormbringer
  6482 | D:7      | Noticed Menkaure
  6490 | D:7      | Killed Menkaure
  6875 | D:7      | Reached * piety under Qazlal
  6882 | D:7      | Reached skill level 10 in Axes
  7107 | D:7      | Found a bloodstained altar of Trog.
  7286 | D:7      | Found a blossoming altar of Fedhas.
  7396 | D:8      | Reached skill level 1 in Invocations
  7550 | D:8      | Found a flagged portal.
  7562 | Bailey   | Entered a bailey
  7683 | Bailey   | Reached ** piety under Qazlal
  7765 | Bailey   | Noticed an orc knight
  7765 | Bailey   | Noticed an orc knight
  7795 | Bailey   | Annihilated by an orc knight

Illustrated notes

Levels and vault maps discovered:
D:1:      minmay_arrival_nine_rooms, layout_basic,
          hellmonk_ecumenical_altar_pennies_from_heaven
D:2:      layout_basic, basic_altar, kennysheep_potato
D:3:      layout_basic, minmay_ruptured, uniq_jessica
D:4:      layout_gridville, cheibrodos_sewer_entry_drain, uniq_blork_the_orc
D:5:      layout_rooms, uniq_crazy_yiuf_cottage, uniq_edmund, uniq_grinder,
          uniq_pikel
D:6:      layout_rooms, kennysheep_little_box
D:7:      layout_cave_pools, trog_three_pillars_becter, fedhas_altar_fruit_tree,
          minmay_temple_entry_stoned_glass, minmay_bent, uniq_menkaure
D:8:      layout_basic, enter_bailey_2
Temple:   nicolae_temple_bog_church
Bailey:   bailey_polearm_1, bailey

Skill      XL: |  1  2  3  4  5  6  7  8  9 |
---------------+----------------------------+-----
Axes           | 2 3 4 5 7 9 10 | 10.4
Fighting       | 4 5 6 7 8 |  8.7
Invocations    | 3 |  3.3
Armour         | |  2.6
Shields        | |  2.6

Action                   |  1- 3 |  4- 6 |  7- 9 || total
-------------------------+-------+-------+-------++-------
Melee: War axe           |    94 |   158 |   296 ||   548
       Kick              |    10 |    41 |   101 ||   152
Throw: Javelin           |       |     4 |       ||     4
       Dart              |       |     2 |    12 ||    14
  Use: Scroll            |       |     3 |    10 ||    13
       Potion            |       |     1 |     4 ||     5
Armor: Scale mail        |    37 |    23 |       ||    60
       Ring mail         |       |    32 |   106 ||   138
Dodge: Dodged            |    44 |    44 |   102 ||   190
Block: Buckler           |    20 |    67 |   218 ||   305
